[Event "Titled Tuesday Blitz February 21 Late 2023"]
[White "Yeritsyan, Hayk"]
[Black "Fiorito, Joaquin"]
[WhiteFideId "13307320"]
[BlackFideId "180173"]
[WhiteElo "2241"]
[BlackElo "2405"]
[Result "0-1"]
[Round "11"]
[TimeControl "180+2"]
[Date "2023.02.21"]
[WhiteClock "0:00:13"]
[BlackClock "0:01:13"]

1. d4 Nf6 2. Nf3 d5 3. e3 c6 4. Bd3 Bg4 5. Nbd2 Nbd7 6. c3 e6 7. e4 dxe4 8. Nxe4 Nxe4 9. Bxe4 Nf6 10. Bd3 Be7 11. Bf4 O-O 12. O-O c5 13. dxc5 Bxc5 14. Be2 Qe7 15. Bg5 Rfd8 16. Qa4 Bh5 17. Rad1 a6 18. Qh4 Bg6 19. Ne5 h6 20. Nxg6 fxg6 21. Bxf6 Qxf6 22. Qxf6 gxf6 23. Bf3 Rab8 24. Rfe1 Kf7 25. Kf1 b6 26. Rxd8 Rxd8 27. Rd1 Rxd1+ 28. Bxd1 a5 29. Ke2 Ke7 30. f3 f5 31. Kd3 Kd6 32. a3 Bg1 33. h3 Ke5 34. b4 axb4 35. cxb4 Kf4 36. a4 Kg3 37. Bb3 Kxg2 38. Ke2 Kxh3 39. Bxe6 Kg3 40. Bf7 g5 41. Bg6 f4 42. a5 bxa5 43. bxa5 Kh4 44. Kf1 Ba7 45. Kg2 h5 46. Bf5 g4 47. fxg4 hxg4 48. Be4 Kg5 49. a6 Kf6 50. Bb7 Bb8 51. Bc8 f3+ 52. Kf2 Kg5 53. Bb7 Kf4 54. Kf1 g3 55. Kg1 Ba7+ 56. Kh1 g2+ 57. Kh2 g1=Q+ 0-1


[Site "https://www.chess.com"]

[Event "Titled Tuesday Blitz February 21 Late 2023"]
[White "Petrovic, Aleksa"]
[Black "Chor, Kevin"]
[WhiteFideId "967629"]
[BlackFideId "2090740"]
[WhiteElo "2332"]
[BlackElo "1944"]
[Result "0-1"]
[Round "11"]
[TimeControl "180+2"]
[Date "2023.02.21"]
[WhiteClock "0:00:04"]
[BlackClock "0:00:49"]

1. d4 Nf6 2. c4 g6 3. Nc3 Bg7 4. e4 d6 5. Be2 O-O 6. Nf3 e5 7. O-O Nc6 8. d5 Ne7 9. b4 Ne8 10. a4 f5 11. a5 h6 12. c5 g5 13. Nd2 fxe4 14. Ndxe4 Nf5 15. c6 bxc6 16. dxc6 Nf6 17. Nxf6+ Qxf6 18. Nd5 Qf7 19. b5 Be6 20. Bc4 Nd4 21. f4 gxf4 22. Bxf4 exf4 23. Rxf4 Qxf4 24. Nxf4 Bxc4 25. Rc1 Bxb5 26. Nd5 Ne2+ 27. Kh1 Nxc1 28. Ne7+ Kh7 29. Nf5 Rxf5 30. Qc2 Bd3 0-1


[Site "https://www.chess.com"]

[Event "Titled Tuesday Blitz February 21 Late 2023"]
[White "Sadovsky, Artem"]
[Black "Becerra, Juan David"]
[WhiteFideId "4155840"]
[BlackFideId "4404998"]
[WhiteElo "2276"]
[BlackElo "2382"]
[Result "1-0"]
[Round "11"]
[TimeControl "180+2"]
[Date "2023.02.21"]
[WhiteClock "0:02:34"]
[BlackClock "0:02:22"]

1. Nf3 d5 2. e3 Nf6 3. c4 c6 4. b3 Bg4 5. Bb2 Nbd7 6. Be2 e6 7. O-O Bd6 8. d3 O-O 9. Nbd2 a5 10. Qc2 e5 11. cxd5 cxd5 12. Rad1 Rc8 13. Qb1 e4 14. dxe4 dxe4 15. Nxe4 Qc7 16. Nxd6 1-0


[Site "https://www.chess.com"]

[Event "Titled Tuesday Blitz February 21 Late 2023"]
[White "Chernomordik, Pavel"]
[Black "Remolar Gallen, Jose"]
[WhiteFideId "2804530"]
[BlackFideId "2215187"]
[WhiteElo "2150"]
[BlackElo "2285"]
[Result "1/2-1/2"]
[Round "11"]
[TimeControl "180+2"]
[Date "2023.02.21"]
[WhiteClock "0:00:09"]
[BlackClock "0:00:04"]

1. e4 c5 2. Nc3 d6 3. f4 g6 4. Nf3 Bg7 5. Bb5+ Bd7 6. Bc4 e6 7. d4 cxd4 8. Nxd4 a6 9. Nf3 Qc7 10. Bb3 Ne7 11. Be3 O-O 12. O-O Nbc6 13. Qd2 Rad8 14. Rad1 Bc8 15. Qf2 Qb8 16. Bb6 Rd7 17. Qh4 h6 18. Kh1 d5 19. exd5 exd5 20. Nxd5 Nxd5 21. Rxd5 Rxd5 22. Bxd5 Qd6 23. c4 Ne7 24. Bd4 Nxd5 25. cxd5 Qxd5 26. Bxg7 Kxg7 27. b3 Bf5 28. Qf2 Re8 29. Qd4+ Qxd4 30. Nxd4 Kf6 31. Kg1 Rd8 32. Rd1 Bb1 33. a3 Be4 34. Kf2 Rd6 35. g3 g5 36. Ke3 Bg6 37. Rc1 Rd7 38. f5 Bxf5 39. Rf1 Re7+ 40. Kd2 Re5 41. g4 h5 42. Rxf5+ Rxf5 43. gxf5 Ke5 44. Ke3 g4 45. a4 a5 46. Kd3 h4 47. Ke3 h3 48. Ne2 Kxf5 49. Kd4 Kg5 50. Ng3 f5 51. Ke5 f4 52. Ne4+ Kh4 53. Kxf4 b6 54. Ng3 b5 55. axb5 a4 56. bxa4 1/2-1/2


[Site "https://www.chess.com"]

[Event "Titled Tuesday Blitz February 21 Late 2023"]
[White "Hirneise, Jens"]
[Black "Carrasco Miranda, Andres"]
[WhiteFideId "24614734"]
[BlackFideId "3405990"]
[WhiteElo "2277"]
[BlackElo "2240"]
[Result "1/2-1/2"]
[Round "11"]
[TimeControl "180+2"]
[Date "2023.02.21"]
[WhiteClock "0:00:13"]
[BlackClock "0:00:22"]

1. Nf3 Nf6 2. b3 g6 3. Bb2 Bg7 4. e4 O-O 5. e5 Nd5 6. d4 d6 7. exd6 cxd6 8. Be2 Nc6 9. O-O e5 10. dxe5 dxe5 11. Nfd2 Nf4 12. Re1 Qg5 13. Bf3 e4 14. Nxe4 Nh3+ 15. Kf1 Qh4 16. Bxg7 Kxg7 17. gxh3 Bxh3+ 18. Bg2 Rad8 19. Qf3 Bxg2+ 20. Qxg2 Nd4 21. Na3 Qe7 22. Nc4 Nxc2 23. Rac1 Nxe1 24. Rxe1 Rfe8 25. Qf3 f5 26. Qc3+ Kh6 27. Ned6 Qxe1+ 28. Qxe1 Rxe1+ 29. Kxe1 Rd7 30. Ne5 Re7 31. f4 g5 32. Nf7+ Kh5 33. Nxg5 Rxe5+ 34. fxe5 Kxg5 35. Kf2 f4 36. Kf3 Kf5 37. e6 Kxe6 38. Kxf4 Kd5 39. Kg5 b5 40. Kh6 a5 41. Kxh7 a4 42. h4 Kc5 43. h5 Kb4 44. h6 Ka3 45. bxa4 bxa4 46. Kg6 Kxa2 47. h7 a3 48. h8=Q Kb1 49. Qh1+ Kb2 50. Qg2+ Kb1 51. Qf1+ Kb2 52. Qe1 a2 53. Qb4+ Ka1 54. Qc3+ Kb1 55. Qb3+ Ka1 56. Qxa2+ Kxa2 1/2-1/2


[Site "https://www.chess.com"]

[Event "Titled Tuesday Blitz February 21 Late 2023"]
[White "Buganca, Luiz Henrique Da Silva"]
[Black "Sonnenschein, Philipp"]
[WhiteFideId "2182289"]
[BlackFideId "16250877"]
[WhiteElo "1920"]
[BlackElo "2224"]
[Result "0-1"]
[Round "11"]
[TimeControl "180+2"]
[Date "2023.02.21"]
[WhiteClock "0:00:15"]
[BlackClock "0:00:12"]

1. d4 Nf6 2. c4 e6 3. Nf3 d5 4. Nc3 Bb4 5. Qc2 dxc4 6. e3 b5 7. Bd2 c6 8. a4 Bb7 9. axb5 Bxc3 10. Bxc3 cxb5 11. b3 O-O 12. bxc4 bxc4 13. Bxc4 Nbd7 14. Bd3 Rc8 15. Qb2 Nd5 16. Ba5 N7b6 17. O-O Qd7 18. Ne5 Qd8 19. Rfc1 Qg5 20. Nf3 Qh5 21. Qb5 Qh6 22. Bd2 Qf6 23. Rxc8 Rxc8 24. Rxa7 Bc6 25. Qb1 Na4 26. Qc2 Bd7 27. Qb3 Nab6 28. h3 Rb8 29. e4 Nf4 30. e5 Qh6 31. Be4 g5 32. Qe3 Nc4 33. Qc3 Nxd2 34. Qxd2 Bb5 35. Ra8 Rxa8 36. Bxa8 Kg7 37. Kh2 Bf1 38. Ng1 Bc4 39. g3 Ng6 40. h4 gxh4 41. Qxh6+ Kxh6 42. Nf3 hxg3+ 43. fxg3 Bd5 44. Bxd5 exd5 45. Nd2 Kg5 46. Nf1 Ne7 47. Ne3 Nc6 48. Kg2 Nxd4 49. Nxd5 Nc6 50. Nf6 h6 51. Nd7 Kf5 52. Kf3 Nxe5+ 53. Nxe5 Kxe5 54. Kg4 Kf6 55. Kh5 Kg7 56. Kg4 Kg6 57. Kf4 f5 58. Ke5 Kg5 59. Ke6 Kg4 60. Ke5 Kxg3 61. Kxf5 h5 62. Ke4 h4 63. Ke3 h3 0-1


[Site "https://www.chess.com"]

[Event "Titled Tuesday Blitz February 21 Late 2023"]
[White "Jimenez Garcia, Emmanuel"]
[Black "Hambleton, Aman"]
[WhiteFideId "6504779"]
[BlackFideId "2606577"]
[WhiteElo "2410"]
[BlackElo "2420"]
[Result "1-0"]
[Round "11"]
[TimeControl "180+2"]
[Date "2023.02.21"]
[WhiteClock "0:00:46"]
[BlackClock "0:00:04"]

1. Nf3 d5 2. g3 c6 3. Bg2 Nf6 4. O-O Bf5 5. d3 e6 6. Nc3 h6 7. Nd2 Be7 8. e4 Bh7 9. Kh1 a5 10. f4 a4 11. a3 Na6 12. g4 Nc5 13. Qe2 Qa5 14. f5 d4 15. Nc4 Qd8 16. Nd1 b5 17. Ne5 Qc7 18. h3 Qxe5 19. Bf4 Bd6 20. Bxe5 Bxe5 21. Ne3 Rd8 22. Nd5 cxd5 23. exd5 Bd6 24. dxe6 fxe6 25. Bc6+ Ke7 26. Bxb5 Rb8 27. Bc4 e5 28. c3 dxc3 29. bxc3 Rhe8 30. d4 Ncd7 31. h4 Kf8 32. g5 exd4 33. Be6 hxg5 34. hxg5 Ng8 35. Qh5 Bg6 36. Qxg6 Ne5 37. Qh5 dxc3 38. Rae1 Rb2 39. Rxe5 Re7 40. Ra5 Rh2+ 41. Qxh2 Bxh2 42. Kxh2 Re8 43. Ra7 Ne7 44. f6 gxf6 45. Rxf6+ Kg7 46. Rf7+ Kg6 47. Rfxe7 Rh8+ 48. Kg3 c2 49. Rg7+ Kh5 50. Bg4# 1-0


[Site "https://www.chess.com"]

[Event "Titled Tuesday Blitz February 21 Late 2023"]
[White "Preotu, Razvan"]
[Black "Poeta, Caio Medeiros"]
[WhiteFideId "2613280"]
[BlackFideId "2142660"]
[WhiteElo "2475"]
[BlackElo "2088"]
[Result "1-0"]
[Round "11"]
[TimeControl "180+2"]
[Date "2023.02.21"]
[WhiteClock "0:00:16"]
[BlackClock "0:00:01"]

1. e4 c6 2. Nc3 d5 3. Nf3 Bg4 4. h3 Bh5 5. g4 Bg6 6. exd5 cxd5 7. Bb5+ Nc6 8. Ne5 Rc8 9. d4 e6 10. Qe2 Bd6 11. h4 Bxe5 12. Qxe5 Qf6 13. Bxc6+ bxc6 14. h5 Qxe5+ 15. dxe5 Bxc2 16. Be3 h6 17. Kd2 Bh7 18. Rhc1 Ne7 19. Bxa7 O-O 20. Bc5 Rfe8 21. a4 Rb8 22. b4 f6 23. exf6 gxf6 24. a5 Kf7 25. a6 Nc8 26. a7 Ra8 27. Ra6 Rd8 28. Rxc6 Rd7 29. Ra1 d4 30. Nb5 Nxa7 31. Rxa7 Raxa7 32. Nxa7 Be4 33. Rd6 Rxd6 34. Bxd6 e5 35. b5 Ke6 36. Bf8 Bf3 37. Bxh6 Bxg4 38. b6 Kd7 39. Bg7 Bxh5 40. Bxf6 Bf3 41. Bxe5 Ke6 42. Bxd4 Bb7 43. Ke3 Kd5 44. f4 Ke6 45. Nb5 Bc6 46. Be5 Kf5 47. Nd4+ Kg6 48. Nxc6 1-0


[Site "https://www.chess.com"]

[Event "Titled Tuesday Blitz February 21 Late 2023"]
[White "CheckBits"]
[Black "Martinez Ramirez, Lennis"]
[BlackFideId "3509079"]
[WhiteElo "2452"]
[BlackElo "2426"]
[Result "1-0"]
[Round "11"]
[TimeControl "180+2"]
[Date "2023.02.21"]
[WhiteClock "0:00:11"]
[BlackClock "0:00:44"]

1. d4 d5 2. Bf4 c5 3. e3 cxd4 4. exd4 Nc6 5. c3 Bf5 6. Qb3 Qd7 7. Nf3 f6 8. Na3 e6 9. Bb5 Nge7 10. O-O Ng6 11. Bg3 h5 12. h3 h4 13. Bh2 Bd6 14. c4 a6 15. cxd5 Bxh2+ 16. Kxh2 axb5 17. dxc6 bxc6 18. Rfe1 O-O 19. Nc2 Qd5 20. Nb4 Qd6+ 21. Kg1 c5 22. dxc5 Qxc5 23. Rac1 Qa7 24. a3 Rfd8 25. Nc6 Qa4 26. Qxa4 bxa4 27. Nxd8 Rxd8 28. Rc4 e5 29. Rxa4 Nf4 30. Nxh4 Bc2 31. Rc4 Rd2 32. Nf3 Re2 33. Rxe2 Nxe2+ 34. Kh2 Bb3 35. Rb4 Bd1 36. a4 e4 37. Nd2 f5 38. a5 Nc1 39. Nxe4 fxe4 40. Rxe4 Be2 41. Re6 Kf7 42. Rb6 Nd3 43. a6 Nxf2 44. a7 Ne4 45. a8=Q Nf6 46. Qa7+ Kg6 47. Rxf6+ gxf6 48. Qe3 Bh5 49. g4 Bxg4 50. hxg4 f5 51. Qe6+ Kg5 52. Qxf5+ Kh6 53. g5+ Kg7 54. Qf6+ Kh7 55. Qh6+ Kg8 56. Qg6+ Kh8 57. Qf5 Kg7 58. b4 Kg8 59. b5 Kg7 60. b6 Kh8 61. b7 Kg7 62. Qf6+ Kh7 63. Qh6+ Kg8 64. b8=Q+ Kf7 65. Qf6# 1-0


[Site "https://www.chess.com"]

[Event "Titled Tuesday Blitz February 21 Late 2023"]
[White "Adewumi, Tanitoluwa"]
[Black "Jimenez Jimenez, Leandro"]
[WhiteFideId "30966396"]
[BlackFideId "6415253"]
[WhiteElo "2283"]
[BlackElo "2146"]
[Result "1-0"]
[Round "11"]
[TimeControl "180+2"]
[Date "2023.02.21"]
[WhiteClock "0:00:03"]
[BlackClock "0:00:13"]

1. e4 e5 2. Nf3 Nc6 3. Nc3 Nf6 4. Bb5 Nd4 5. O-O Nxb5 6. Nxb5 c6 7. Nc3 d6 8. d4 exd4 9. Nxd4 Be7 10. Re1 O-O 11. h3 Re8 12. Bf4 Qb6 13. Rb1 Bf8 14. Nb3 d5 15. exd5 Rxe1+ 16. Qxe1 cxd5 17. Be5 Bf5 18. Bxf6 Qxf6 19. Nxd5 Qc6 20. Qe5 Qxc2 21. Rc1 Qe4 22. Qxe4 Bxe4 23. Ne3 Rd8 24. f3 Bc6 25. Kf2 g6 26. Rd1 Rxd1 27. Nxd1 b6 28. Nc3 Bg7 29. Ke3 Kf8 30. Nd4 Bd7 31. Ndb5 a6 32. Nc7 Bc8 33. N7d5 Ke8 34. Nxb6 Bb7 35. Nc4 Kd7 36. Na4 Kc6 37. Na5+ Kc7 38. Nxb7 Kxb7 39. b3 Kc6 40. Kd3 Kb5 41. Nc3+ Kb4 42. Nd5+ Ka3 43. Nc7 a5 44. Kc2 Kxa2 45. Nb5 Bf8 46. g3 Bb4 47. g4 a4 48. bxa4 f5 49. h4 fxg4 50. fxg4 h5 51. gxh5 gxh5 52. Nc3+ Ka3 53. Nd5 Kxa4 54. Kd3 Be7 55. Nxe7 Kb5 56. Ke4 Kc5 57. Kf5 Kd6 58. Ng6 Kd5 59. Kg5 Ke6 60. Kxh5 Kf7 61. Kh6 Kg8 62. h5 Kf7 63. Kh7 Kf6 64. h6 Kg5 65. Kg7 Kg4 66. h7 Kf5 67. h8=Q Kg5 68. Qh4+ Kf5 69. Qf4+ Ke6 70. Qe5+ Kd7 71. Kf7 Kc6 72. Ne7+ Kd7 73. Qd5+ Kc7 74. Ke6 Kb6 75. Qc4 Kb7 76. Qc6+ Kb8 77. Qb6+ Ka8 78. Qb5 Ka7 79. Nc6+ Ka8 80. Qa6# 1-0


[Site "https://www.chess.com"]

[Event "Titled Tuesday Blitz February 21 Late 2023"]
[White "Sztokbant, Bernardo Vainzoff"]
[Black "Jovic, Stanoje"]
[WhiteFideId "2115956"]
[BlackFideId "905020"]
[WhiteElo "2213"]
[BlackElo "2075"]
[Result "0-1"]
[Round "11"]
[TimeControl "180+2"]
[Date "2023.02.21"]
[WhiteClock "0:00:01"]
[BlackClock "0:00:43"]

1. e4 c6 2. d4 d5 3. exd5 cxd5 4. c4 Nf6 5. Nf3 Nc6 6. Nc3 Bg4 7. Be2 e6 8. O-O Be7 9. c5 O-O 10. h3 Bh5 11. Be3 Ne4 12. Rc1 f5 13. a3 a5 14. Na4 g5 15. Nb6 Rb8 16. Ne5 Bxe2 17. Qxe2 Nxe5 18. dxe5 f4 19. Bd4 Qe8 20. Qg4 Qg6 21. Nd7 h5 22. Nxf8 Rxf8 23. Qe2 g4 24. Qd3 f3 25. g3 gxh3 26. Kh2 Bg5 27. c6 bxc6 28. Rxc6 h4 29. Rg1 hxg3+ 30. fxg3 Qf5 31. Rc2 Qg4 32. Bf2 Bh6 33. Qe3 Bg7 34. Qd4 Qg5 35. Qd3 Bxe5 36. Kh1 Qf5 37. Qe3 d4 0-1


[Site "https://www.chess.com"]

[Event "Titled Tuesday Blitz February 21 Late 2023"]
[White "Moral Garcia, Serafin"]
[Black "Haszon, David"]
[WhiteFideId "2201925"]
[BlackFideId "733610"]
[WhiteElo "2238"]
[BlackElo "2264"]
[Result "0-1"]
[Round "11"]
[TimeControl "180+2"]
[Date "2023.02.21"]
[WhiteClock "0:00:03"]
[BlackClock "0:00:04"]

1. Nf3 Nf6 2. b3 a5 3. a3 a4 4. b4 g6 5. Bb2 Bg7 6. c4 O-O 7. e3 c5 8. bxc5 Qa5 9. Nc3 Na6 10. d4 Ne4 11. Qc2 Naxc5 12. Bd3 Nxd3+ 13. Qxd3 Nf6 14. e4 d6 15. O-O Bd7 16. Rfe1 Rfc8 17. Rac1 Qa6 18. Ne2 d5 19. exd5 Nxd5 20. Ng3 Nf4 21. Qe4 Ne6 22. Qe2 Bc6 23. d5 Nf4 24. Qd2 Bxb2 25. Qxb2 Nd3 26. Qb1 Nxe1 27. Rxe1 Be8 28. h4 Qxc4 29. Qxb7 Qc7 30. Qb4 Rab8 31. Qg4 Qd7 32. Qxd7 Bxd7 33. Rxe7 Bb5 34. Ne5 f6 35. Ng4 Rf8 36. Ne4 Rb6 37. d6 Rf7 38. Nexf6+ Kg7 39. Rxf7+ Kxf7 40. d7 Rd6 41. Nxh7 Rd1+ 42. Kh2 Bxd7 43. Ng5+ Kg7 44. Ne5 Bf5 45. g4 Bc2 46. f4 Ra1 47. Kg3 Rxa3+ 48. Kf2 Ra2 49. Ke3 a3 50. Nc4 Bb3 51. Ne6+ Kf6 52. Nxa3 Rxa3 53. Nd4 Bc4+ 54. Ke4 Bf1 55. g5+ Kg7 56. f5 Bh3 57. fxg6 Kxg6 58. Nf3 Bg2 59. Kf4 Bxf3 0-1


[Site "https://www.chess.com"]

[Event "Titled Tuesday Blitz February 21 Late 2023"]
[White "Nilsen, Tobias Lang"]
[Black "Ibadov, Dashgyn"]
[WhiteFideId "1521624"]
[BlackFideId "24107514"]
[WhiteElo "2247"]
[BlackElo "2391"]
[Result "1-0"]
[Round "11"]
[TimeControl "180+2"]
[Date "2023.02.21"]
[WhiteClock "0:00:45"]
[BlackClock "0:00:25"]

1. e4 e5 2. Nf3 Nc6 3. Bc4 Bc5 4. c3 Nf6 5. d3 d6 6. O-O a6 7. a4 Ba7 8. Re1 O-O 9. h3 Kh8 10. b4 Ng8 11. Be3 Bxe3 12. Rxe3 f5 13. Nbd2 Qf6 14. exf5 Bxf5 15. Ne4 Bxe4 16. dxe4 Nge7 17. Ra2 Ng6 18. g3 a5 19. b5 Nb8 20. Kg2 Nd7 21. Bd5 Nc5 22. Ne1 Qg5 23. Kh2 Rxf2+ 24. Rxf2 Qxe3 25. Rf3 Qg5 26. h4 Qd8 27. h5 Ne7 28. h6 Nxd5 29. Qxd5 gxh6 30. Qf7 Qg5 31. Rf5 Qg6 32. Qe7 Nxe4 33. Rf8+ Rxf8 34. Qxf8+ Qg8 35. Qf3 d5 36. c4 c6 37. Nd3 1-0


[Site "https://www.chess.com"]

[Event "Titled Tuesday Blitz February 21 Late 2023"]
[White "Drnovsek, Gal"]
[Black "Bhavikatti, Neil"]
[WhiteFideId "14607077"]
[BlackFideId "30935024"]
[WhiteElo "2397"]
[BlackElo "2051"]
[Result "0-1"]
[Round "11"]
[TimeControl "180+2"]
[Date "2023.02.21"]
[WhiteClock "0:01:46"]
[BlackClock "0:02:01"]

1. e4 e5 2. Nf3 Nc6 3. d4 exd4 4. Nxd4 Nf6 5. Nxc6 bxc6 6. e5 Qe7 7. Qe2 Nd5 8. c4 Ba6 9. Nd2 g6 10. Nf3 Qb4+ 11. Kd1 Nb6 12. Qc2 Bxc4 13. Bd2 Qb5 14. a4 Qa6 15. Bxc4 Qxc4 16. b3 Qxc2+ 17. Kxc2 Nd5 18. h4 h6 19. h5 g5 20. Nd4 a5 21. Nf5 Bb4 22. Bxb4 Nxb4+ 23. Kc3 Nd5+ 24. Kd4 Ne7 25. g4 Nxf5+ 26. gxf5 Ke7 27. Rh3 Rhb8 28. Rc1 Rb4+ 29. Rc4 Rab8 30. Rd3 d6 31. f4 gxf4 32. Ke4 d5+ 33. Kxf4 0-1


[Site "https://www.chess.com"]

[Event "Titled Tuesday Blitz February 21 Late 2023"]
[White "ArchibaldCerveza29"]
[Black "Vaglio Mattey, Emanuel"]
[BlackFideId "6504167"]
[WhiteElo "2503"]
[BlackElo "2155"]
[Result "1-0"]
[Round "11"]
[TimeControl "180+2"]
[Date "2023.02.21"]
[WhiteClock "0:00:08"]
[BlackClock "0:00:06"]

1. e4 c6 2. d4 d5 3. exd5 cxd5 4. c4 Nf6 5. Nc3 g6 6. cxd5 Nxd5 7. Qb3 Nxc3 8. Bc4 e6 9. bxc3 Be7 10. Bh6 Nc6 11. Nf3 Na5 12. Bb5+ Bd7 13. Qb2 a6 14. Bd3 Qc7 15. Bg7 Rg8 16. Be5 Bd6 17. O-O Bc6 18. Bxd6 Qxd6 19. Ne5 f6 20. Nxc6 Qxc6 21. Rfe1 Kf7 22. Qb4 Qc7 23. Rab1 Rac8 24. c4 Rgd8 25. Qc3 Nc6 26. Be4 b6 27. Qh3 h5 28. d5 exd5 29. Bxd5+ Kg7 30. Re6 Nd4 31. Rexb6 Rb8 32. Rb7 Kh8 33. Qh4 Rxb7 34. Qxf6+ Qg7 35. Qxd8+ Kh7 36. Rxb7 Ne2+ 37. Kf1 Ng3+ 38. hxg3 Kh6 39. Rxg7 h4 40. Qh8+ Kg5 41. Qxh4+ Kf5 42. Qf4# 1-0


[Site "https://www.chess.com"]

[Event "Titled Tuesday Blitz February 21 Late 2023"]
[White "Golubev, Mikhail"]
[Black "Jorajuria Mendoza, Algol"]
[WhiteFideId "14100983"]
[BlackFideId "5128897"]
[WhiteElo "2461"]
[BlackElo "2069"]
[Result "1-0"]
[Round "11"]
[TimeControl "180+2"]
[Date "2023.02.21"]
[WhiteClock "0:00:10"]
[BlackClock "0:00:16"]

1. e4 c5 2. Nf3 e6 3. d4 cxd4 4. Nxd4 Nc6 5. Nc3 Qc7 6. Be3 a6 7. a3 Nf6 8. f4 b5 9. e5 Ng8 10. Be2 Bb7 11. Bf3 Nh6 12. Qd3 Nxd4 13. Bxd4 Nf5 14. Bf2 h5 15. O-O-O Be7 16. Bxb7 Qxb7 17. Ne4 Rc8 18. g3 Rc7 19. h3 O-O 20. g4 Nh6 21. Rhg1 Rfc8 22. Rd2 b4 23. axb4 Bxb4 24. Re2 Qc6 25. f5 Qa4 26. Kb1 Rb7 27. f6 Ba3 28. b3 Qc4 29. Qxc4 Rxc4 30. gxh5 Nf5 31. fxg7 Rbb4 32. Nf6# 1-0


[Site "https://www.chess.com"]

[Event "Titled Tuesday Blitz February 21 Late 2023"]
[White "Guzman Moneo, Alberto"]
[Black "Mazurkiewicz, Michal"]
[WhiteFideId "2209616"]
[BlackFideId "1124943"]
[WhiteElo "2170"]
[BlackElo "2145"]
[Result "1-0"]
[Round "11"]
[TimeControl "180+2"]
[Date "2023.02.21"]
[WhiteClock "0:00:39"]
[BlackClock "0:00:05"]

1. e4 d6 2. d4 Nf6 3. Nc3 c6 4. Nf3 Bg4 5. Be2 e6 6. Be3 d5 7. e5 Nfd7 8. Nd2 Bf5 9. g4 Bg6 10. h4 h5 11. gxh5 Bf5 12. Nf1 c5 13. Ng3 Bh7 14. f4 Nc6 15. f5 cxd4 16. fxe6 fxe6 17. Bxd4 Nxd4 18. Qxd4 Bc5 19. Qg4 O-O 20. Qxe6+ Kh8 21. O-O-O Rc8 22. Qxd5 Be3+ 23. Kb1 Qb6 24. Qb3 Qc6 25. Bb5 Qc7 26. Bxd7 Qxe5 27. Bxc8 Rxc8 28. Nge2 b5 29. Rd5 Qe7 30. Qxb5 Be4 31. Rhd1 Bxd5 32. Nxd5 Qe4 33. Qd3 Qxd3 34. Rxd3 Bh6 35. b3 Rf8 36. Ng3 Re8 37. c4 g6 38. hxg6 Bg7 39. Nf5 Re1+ 40. Kc2 Be5 41. h5 Ra1 42. h6 Rxa2+ 43. Kd1 a5 44. h7 a4 45. bxa4 Ra1+ 46. Ke2 Ra2+ 47. Kf3 Rxa4 48. Nb6 Bf6 49. Nxa4 Be7 50. g7+ Kxh7 51. Nxe7 Kxg7 52. Rd5 Kf6 53. Nc8 Ke6 54. Ke4 Kf7 55. Ncb6 Ke6 56. Nb2 Kf6 57. N6a4 Ke6 58. Nc3 Kf6 59. Nb1 Ke6 60. c5 Kf6 61. c6 Ke6 62. c7 Ke7 63. Ke5 Kf7 64. Rd6 Ke7 65. Na3 Kf7 66. c8=Q Kg7 67. Qc7+ Kf8 68. Rd8# 1-0


[Site "https://www.chess.com"]

[Event "Titled Tuesday Blitz February 21 Late 2023"]
[White "Mikhalsky, Vladimir"]
[Black "Lorenzo De La Riva, Lazaro"]
[WhiteFideId "14144352"]
[BlackFideId "2268809"]
[WhiteElo "2219"]
[BlackElo "2404"]
[Result "0-1"]
[Round "11"]
[TimeControl "180+2"]
[Date "2023.02.21"]
[WhiteClock "0:00:06"]
[BlackClock "0:00:15"]

1. d4 d6 2. e4 Nf6 3. Nc3 c6 4. f3 e5 5. Be3 g6 6. Qd2 h5 7. O-O-O Nbd7 8. Nh3 b5 9. Ng5 Qa5 10. Kb1 Be7 11. dxe5 dxe5 12. g4 hxg4 13. fxg4 Nxg4 14. Bg1 Nb6 15. h3 Nf6 16. Qh2 b4 17. Ne2 Rb8 18. Nc1 Na4 19. Nb3 Qc7 20. Bc4 O-O 21. Be3 Nh5 22. Nxf7 Rxf7 23. Rhf1 Bf6 24. Qg1 Kg7 25. Bxf7 Qxf7 26. Bxa7 Ra8 27. Be3 Be6 28. Bg5 c5 29. Bxf6+ Nxf6 30. Rd6 c4 31. Nc5 Nxc5 32. Qxc5 c3 33. b3 Re8 34. Qxe5 Bf5 35. Qxf6+ Qxf6 36. Rxf6 Kxf6 37. exf5 gxf5 38. a4 Kg5 39. Rg1+ Kf4 40. Rf1+ Kg5 41. Rg1+ Kh4 42. Rf1 Re5 43. Rf4+ Kg3 44. Rxb4 f4 45. Rc4 Re3 46. a5 f3 47. Rg4+ Kxh3 48. Rf4 Kg3 49. Rf8 f2 50. b4 Rf3 51. Rg8+ Kf4 52. Rf8+ Ke4 53. Re8+ Kd5 54. Rd8+ Kc6 55. Rd1 f1=Q 56. Rxf1 Rxf1+ 57. Ka2 Kb5 58. Kb3 Rf4 59. Kxc3 Rxb4 60. a6 Ra4 61. Kb3 Rxa6 62. c4+ Kc5 63. Kc3 Ra3+ 0-1


[Site "https://www.chess.com"]

[Event "Titled Tuesday Blitz February 21 Late 2023"]
[White "Bon, Michael"]
[Black "Ardila, Oscar Humberto"]
[WhiteFideId "620696"]
[BlackFideId "4404742"]
[WhiteElo "2394"]
[BlackElo "1982"]
[Result "0-1"]
[Round "11"]
[TimeControl "180+2"]
[Date "2023.02.21"]
[WhiteClock "0:00:03"]
[BlackClock "0:00:06"]

1. e4 e5 2. Nf3 Nf6 3. Nc3 Nc6 4. Bb5 Bb4 5. O-O O-O 6. d3 d6 7. Ne2 Nh5 8. c3 Bc5 9. d4 Bb6 10. Bxc6 bxc6 11. dxe5 dxe5 12. Nxe5 Qe7 13. Nxc6 Qxe4 14. Ned4 Nf4 15. Qf3 Qxf3 16. Nxf3 Ne2+ 17. Kh1 Nxc1 18. Raxc1 Bb7 19. Ncd4 Rad8 20. Kg1 c5 21. Nf5 Bxf3 22. gxf3 Rd2 23. Rb1 c4 24. Ne3 Bxe3 25. fxe3 Rfd8 26. Rf2 R2d3 27. e4 f6 28. Re1 Kf7 29. e5 fxe5 30. Rxe5 Kf6 31. Re4 Rd1+ 32. Kg2 Ra1 33. a3 Rdd1 34. Rxc4 Rg1+ 35. Kh3 Rae1 36. Re4 Rb1 37. b4 h6 38. Rg2 Rgf1 39. Rf4+ Ke5 40. Re4+ Kf5 41. Kg3 g5 42. c4 h5 43. h4 gxh4+ 44. Rxh4 Rbc1 45. Rxh5+ Kg6 46. Rh4 Kg5 47. c5 Rc3 48. Rg4+ Kf5 49. Rf4+ Ke5 50. Re2+ Kd5 51. Rf5+ Kc6 52. Re6+ Kb5 53. c6+ Ka4 54. Ra5+ Kb3 55. Rf6 Rfc1 56. Rxa7 Rg1+ 57. Kf2 Rg8 58. c7 Rc2+ 59. Ke3 Re8+ 60. Kf4 Rc4+ 61. Kg5 Rg8+ 62. Rg6 Rc8 63. Rg7 Kc3 64. f4 Kd4 0-1


[Site "https://www.chess.com"]

[Event "Titled Tuesday Blitz February 21 Late 2023"]
[White "Vega Gutierrez, Sabrina"]
[Black "Curtis, John"]
[WhiteFideId "2219026"]
[BlackFideId "3200256"]
[WhiteElo "2377"]
[BlackElo "2292"]
[Result "1-0"]
[Round "11"]
[TimeControl "180+2"]
[Date "2023.02.21"]
[WhiteClock "0:00:08"]
[BlackClock "0:00:30"]

1. e4 c5 2. Nf3 d6 3. d4 cxd4 4. Qxd4 Bd7 5. Be2 Nf6 6. O-O g6 7. Rd1 Nc6 8. Qe3 Bg7 9. h3 O-O 10. c4 Nb4 11. Na3 Qb8 12. Bd2 a5 13. e5 dxe5 14. Nxe5 Bf5 15. g4 Be6 16. Bc3 Rd8 17. Bf3 Rxd1+ 18. Rxd1 Nxa2 19. Bd4 Nb4 20. Bb6 Ne8 21. Rd8 Qxd8 22. Bxd8 Rxd8 23. Bxb7 Rd1+ 24. Kg2 Bxe5 25. Qxe5 Nd6 26. Bf3 Nd3 27. Qxa5 Ne1+ 28. Kg3 Rd3 29. Qxe1 Nxc4 30. Nxc4 Bxc4 31. Kg2 e6 32. Qb4 Bb3 33. Qb8+ Kg7 34. Qb5 Rxf3 35. Kxf3 Bd5+ 36. Ke3 g5 37. Qc5 h5 38. b4 hxg4 39. hxg4 Kf6 40. b5 Ke5 41. b6 f5 42. Qc7+ Kf6 43. gxf5 Kxf5 44. b7 Bxb7 45. Qxb7 g4 46. Qe4+ Kf6 47. Qxg4 Ke5 48. Qg5+ Kd6 49. Kd4 Kd7 50. Ke5 Kc6 51. Qe7 Kb5 52. Qxe6 Kb4 53. Qc6 Kb3 54. Qc5 Kb2 55. Qc4 Kb1 56. Qc3 Ka2 57. Qb4 Ka1 58. f3 Ka2 59. f4 Ka1 60. f5 Ka2 61. f6 Ka1 62. f7 Ka2 63. Kd4 Ka1 64. Kc3 Ka2 65. Kc2 Ka1 66. f8=Q Ka2 67. Qfb8 Ka1 68. Q8b7 Ka2 69. Q7b6 1-0


[Site "https://www.chess.com"]

[Event "Titled Tuesday Blitz February 21 Late 2023"]
[White "Womacka, Mathias"]
[Black "Avgoustopoulos, Christian"]
[WhiteFideId "4611390"]
[BlackFideId "2122294"]
[WhiteElo "2396"]
[BlackElo "1969"]
[Result "1-0"]
[Round "11"]
[TimeControl "180+2"]
[Date "2023.02.21"]
[WhiteClock "0:02:18"]
[BlackClock "0:02:05"]

1. e4 e6 2. d4 d5 3. Nd2 c5 4. exd5 exd5 5. Ngf3 Nc6 6. Bb5 Bd6 7. dxc5 Bxc5 8. O-O Ne7 9. Nb3 Bd6 10. Re1 O-O 11. Bd3 Bg4 12. Bxh7+ Kh8 13. Bd3 Ne5 14. Be2 Qc7 15. Nxe5 Bxe2 16. Qxe2 Nc6 17. Nxc6 Bxh2+ 18. Kh1 bxc6 19. Qh5+ Kg8 20. Qxh2 Qa5 1-0


[Site "https://www.chess.com"]